[Event "Titled Tuesday Blitz August 1 Late 2023"]
[White "Volkov, Maksim"]
[Black "Kamsky, Gata"]
[WhiteFideId "54123070"]
[BlackFideId "2000024"]
[WhiteElo "2686"]
[BlackElo "3010"]
[Result "1/2-1/2"]
[Round "3"]
[TimeControl "180+1"]
[Date "2023.08.01"]
[WhiteClock "0:00:48"]
[BlackClock "0:00:24"]
[Board "6"]

1. d4 g6 2. c4 Bg7 3. g3 c6 4. Bg2 d5 5. Qa4 Nf6 6. cxd5 Nxd5 7. Nf3 O-O 8. O-O Qb6 9. Rd1 a5 10. e4 Nc7 11. h3 Rd8 12. Nc3 Ne6 13. e5 Na6 14. Qc2 Nb4 15. Qe4 Nd5 16. Na4 Qc7 17. Bd2 b5 18. Nc3 Nxc3 19. bxc3 Bb7 20. Ng5 Nxg5 21. Bxg5 Re8 22. e6 f5 23. Qh4 c5 24. Bxb7 Qxb7 25. dxc5 Qc6 26. Rd7 Qxe6 27. Rad1 Bf8 28. Rb7 Rab8 29. Ra7 Ra8 30. Rb7 Rab8 31. Ra7 Ra8 32. Rb7 1/2-1/2


[Site "https://www.chess.com"]

[Event "Titled Tuesday Blitz August 1 Late 2023"]
[White "Xiong, Jeffery"]
[Black "Tanriverdi, Enes"]
[WhiteFideId "2047640"]
[BlackFideId "34543279"]
[WhiteElo "2993"]
[BlackElo "2677"]
[Result "1/2-1/2"]
[Round "3"]
[TimeControl "180+1"]
[Date "2023.08.01"]
[WhiteClock "0:00:20"]
[BlackClock "0:01:19"]
[Board "7"]

1. d4 Nf6 2. Nf3 g6 3. Nc3 Bg7 4. e4 d6 5. Be3 c6 6. Qd2 b5 7. Bd3 O-O 8. Bh6 Bg4 9. O-O-O Bxf3 10. gxf3 e5 11. dxe5 dxe5 12. Bxg7 Kxg7 13. f4 Nbd7 14. Be2 b4 15. Na4 Qa5 16. b3 Rfd8 17. Qe3 exf4 18. Qxf4 Nb6 19. Rxd8 Rxd8 20. Rd1 Rxd1+ 21. Kxd1 Nxa4 22. bxa4 Qxa4 23. Bc4 Qa5 24. Ke2 Qh5+ 25. f3 Qc5 26. Kd3 Nh5 27. Qxf7+ Kh6 28. Qc7 a5 29. h4 a4 30. Qf7 Qd6+ 31. Ke3 Qc5+ 32. Kd3 Qd6+ 33. Ke3 Qc5+ 34. Kd3 1/2-1/2


[Site "https://www.chess.com"]

[Event "Titled Tuesday Blitz August 1 Late 2023"]
[White "Ezat, Mohamed"]
[Black "Martinez Alcantara, Jose Eduardo"]
[WhiteFideId "10600906"]
[BlackFideId "3805662"]
[WhiteElo "2669"]
[BlackElo "2987"]
[Result "1-0"]
[Round "3"]
[TimeControl "180+1"]
[Date "2023.08.01"]
[WhiteClock "0:00:36"]
[BlackClock "0:00:00"]
[Board "8"]

1. d4 Nf6 2. c4 e6 3. Nc3 Bb4 4. Bg5 c5 5. d5 d6 6. Qc2 h6 7. Bh4 O-O 8. e3 exd5 9. cxd5 Nbd7 10. Nf3 Re8 11. Nd2 Ne5 12. Bb5 Rf8 13. O-O Ng6 14. Bg3 Nh5 15. Bd3 Nxg3 16. hxg3 Ne5 17. Nc4 Nxc4 18. Bxc4 Bd7 19. a4 a6 20. Be2 f5 21. Bf3 Qf6 22. Rfd1 Rab8 23. e4 f4 24. Ne2 fxg3 25. Nxg3 Ba5 26. Qe2 Qe5 27. Bg4 Bxg4 28. Qxg4 Rbe8 29. Nf5 Kh7 30. Ra3 g6 31. Rg3 Qf6 32. Nh4 Qxf2+ 33. Kh2 g5 34. Nf5 Rf6 35. Qh5 Rg8 36. Rdd3 Qxb2 37. Rb3 Qe5 38. Rxb7+ Kh8 39. Nxh6 Rg7 40. Nf5+ Kg8 41. Rxg7+ 1-0


[Site "https://www.chess.com"]

[Event "Titled Tuesday Blitz August 1 Late 2023"]
[White "Sargsyan, Shant"]
[Black "Korchmar, Vasiliy"]
[WhiteFideId "13306766"]
[BlackFideId "24131750"]
[WhiteElo "2979"]
[BlackElo "2668"]
[Result "1-0"]
[Round "3"]
[TimeControl "180+1"]
[Date "2023.08.01"]
[WhiteClock "0:00:21"]
[BlackClock "0:00:00"]
[Board "9"]

1. c4 c6 2. g3 d5 3. Nf3 g6 4. Qa4 dxc4 5. Qxc4 Bg7 6. Bg2 Nh6 7. O-O Nf5 8. Rd1 O-O 9. d4 a5 10. Nc3 a4 11. e4 Nd6 12. Qe2 Qa5 13. e5 Nf5 14. g4 Nh6 15. h3 a3 16. d5 axb2 17. Bxb2 cxd5 18. Nxd5 Nc6 19. Nd4 Nxe5 20. Nb3 Qa6 21. Nxe7+ Kh8 22. Qxa6 Rxa6 23. Nxc8 Rxc8 24. Bxb7 Nf3+ 25. Kh1 Bxb2 26. Bxc8 Ra7 27. Rab1 Rxa2 28. Bb7 Ng5 29. Rd2 Ra7 30. Rdxb2 Rxb7 31. Kg2 f5 32. h4 Ne6 33. g5 Ng4 34. Na5 Nf4+ 35. Kf3 Ne5+ 36. Kg3 Nh5+ 37. Kh2 Nf3+ 38. Kh3 Rxb2 39. Rxb2 1-0


[Site "https://www.chess.com"]

[Event "Titled Tuesday Blitz August 1 Late 2023"]
[White "Matlakov, Maxim"]
[Black "Haydon, David L"]
[WhiteFideId "4168003"]
[BlackFideId "415405"]
[WhiteElo "2966"]
[BlackElo "2659"]
[Result "1-0"]
[Round "3"]
[TimeControl "180+1"]
[Date "2023.08.01"]
[WhiteClock "0:00:11"]
[BlackClock "0:00:05"]
[Board "10"]

1. d4 c6 2. c4 d5 3. Nf3 Nf6 4. g3 e6 5. Bg2 Bd6 6. O-O O-O 7. Qc2 Nbd7 8. Nbd2 Qe7 9. e4 dxe4 10. Nxe4 Nxe4 11. Qxe4 e5 12. c5 Bc7 13. Re1 f5 14. Qc2 e4 15. b4 Nf6 16. Rb1 Be6 17. Ne5 Rad8 18. Bb2 a6 19. a4 Bd5 20. Ba1 Rfe8 21. b5 axb5 22. axb5 Bxe5 23. dxe5 Nd7 24. bxc6 bxc6 25. Rb7 Qxc5 26. Qd2 Qe7 27. Bh3 Nxe5 28. Rxe7 Nf3+ 29. Kh1 Nxd2 30. Rxg7+ Kf8 31. Re3 Nc4 32. Bxf5 Nxe3 33. fxe3 Re7 34. Rg5 Rf7 35. Bd4 Ke7 36. g4 Rb8 37. Rh5 Rb1+ 38. Kg2 Rc1 39. Rh6 c5 40. Be5 Rc2+ 41. Kg3 Rc1 42. Ra6 Rg1+ 43. Kh4 c4 44. Bd6+ Kf6 45. Bf8+ Ke5 46. Bc5 Rd1 47. Kg5 Rxf5+ 48. gxf5 Rg1+ 49. Kh4 Kxf5 50. Bd4 Rg4+ 51. Kh5 Rg6 52. Ra5 Ke6 53. Ra6+ Kf5 54. Ra5 Ke6 55. Ra7 Kf5 56. Rxh7 Rg2 57. h4 Be6 58. Ra7 Rg8 59. Ra5+ Bd5 60. Rxd5+ Ke6 61. Rc5 Rc8 62. Rxc8 Kd5 63. Rc5+ Kd6 64. Rxc4 1-0


[Site "https://www.chess.com"]

[Event "Titled Tuesday Blitz August 1 Late 2023"]
[White "Przybylski, Wojciech"]
[Black "Shimanov, Aleksandr"]
[WhiteFideId "1117599"]
[BlackFideId "4198603"]
[WhiteElo "2652"]
[BlackElo "2959"]
[Result "0-1"]
[Round "3"]
[TimeControl "180+1"]
[Date "2023.08.01"]
[WhiteClock "0:00:05"]
[BlackClock "0:00:16"]
[Board "11"]

1. d4 g6 2. e4 Bg7 3. Nc3 d6 4. Nf3 Nf6 5. h3 a6 6. a4 b6 7. Bd3 Bb7 8. O-O O-O 9. Re1 e6 10. Bg5 h6 11. Bd2 Nc6 12. Ne2 d5 13. e5 Ne4 14. Be3 Ne7 15. Ng3 c5 16. c3 Nf5 17. Nxf5 exf5 18. Nh2 c4 19. Bc2 Ng5 20. f4 Ne6 21. Qf3 h5 22. g4 hxg4 23. hxg4 Bc8 24. gxf5 gxf5 25. Re2 Re8 26. Rg2 Kf8 27. Qh3 Ke7 28. Qh4+ Kd7 29. Qxd8+ Kxd8 30. Bxf5 Bh6 31. Rf1 b5 32. Ng4 Bg7 33. Nh2 Bh6 34. a5 b4 35. Ng4 Bg7 36. Bf2 bxc3 37. bxc3 Rb8 38. Ne3 Bh6 39. Bh4+ Kc7 40. Nxd5+ Kb7 41. Nf6 Rh8 42. Bxe6 fxe6 43. Ne4 Kc6 44. Nd6 Kd5 45. Nf7 Rh7 46. Nxh6 Rxh6 47. Bg5 Rh7 48. Rh2 Rhb7 49. Rh8 Bd7 50. Rxb8 Rxb8 51. Be7 Rb3 52. Bb4 Rb2 53. Rf2 Rb1+ 54. Kg2 Ke4 55. f5 exf5 56. Re2+ Kd5 57. Kf2 Be6 58. Ke3 Rf1 59. Rf2 Rh1 60. Kf4 Rg1 61. Kf3 Bf7 62. Rh2 Rf1+ 63. Ke3 Bg6 64. Ke2 Rg1 65. Kf2 Rg4 66. Rh8 f4 67. Rf8 Ke4 68. e6 Rh4 69. e7 Rh2+ 70. Kg1 Rd2 71. e8=Q+ Bxe8 72. Rxe8+ Kf3 73. Re1 Rg2+ 74. Kh1 Kg3 75. Bd6 Rh2+ 76. Kg1 Rg2+ 77. Kh1 Kf2 78. Rb1 f3 79. Rb2+ Kf1 80. Rb1+ Ke2 81. Bh2 Rg5 82. Rb2+ Ke1 83. Rb1+ Ke2 84. Rb2+ Ke3 85. Bg1+ Kd3 86. d5 Rxd5 87. Rh2 Kxc3 88. Rh3 Rf5 89. Kh2 Kd2 90. Bf2 c3 91. Rh8 c2 92. Kg3 c1=Q 93. Rd8+ Ke2 94. Re8+ Kf1 95. Rh8 Qg5+ 96. Kh2 Qg2# 0-1


[Site "https://www.chess.com"]

[Event "Titled Tuesday Blitz August 1 Late 2023"]
[White "Sjugirov, Sanan"]
[Black "Jakubowski, Krzysztof"]
[WhiteFideId "4189302"]
[BlackFideId "1112848"]
[WhiteElo "2953"]
[BlackElo "2649"]
[Result "1-0"]
[Round "3"]
[TimeControl "180+1"]
[Date "2023.08.01"]
[WhiteClock "0:00:03"]
[BlackClock "0:00:01"]
[Board "12"]

1. d4 Nf6 2. c4 e6 3. Nf3 b6 4. g3 Ba6 5. b3 c6 6. Bg2 d5 7. O-O Be7 8. Nc3 O-O 9. Bf4 dxc4 10. Qc2 Nd5 11. Rfd1 cxb3 12. axb3 Bb7 13. Bd2 a5 14. h4 Nd7 15. Ng5 g6 16. Nce4 Rc8 17. Qb2 Ba6 18. Re1 N7f6 19. Rac1 Bb5 20. Nc3 Nxc3 21. Bxc3 Nd5 22. Bd2 Re8 23. Nf3 Nb4 24. h5 Bf8 25. Bg5 Qd6 26. Bf4 Qe7 27. Bg5 Qa7 28. Qd2 Nd5 29. Qb2 h6 30. Bd2 g5 31. Ne5 Qe7 32. Ng4 Nf6 33. Nxf6+ Qxf6 34. e4 Qe7 35. Bc3 Bg7 36. Qd2 Red8 37. Qe3 Qa3 38. Rb1 Rd7 39. Red1 Re8 40. Bb2 Qb4 41. Bc3 Qe7 42. e5 Red8 43. b4 a4 44. Be4 Ra7 45. Bc2 a3 46. Ra1 Qd7 47. Bb3 Qb7 48. f4 Qe7 49. Kg2 Kh8 50. Kh3 Rg8 51. Bc2 gxf4 52. gxf4 Bf8 53. Rg1 Rg7 54. Qe4 f5 55. exf6 Qxf6 56. Rg6 Qf7 57. Rxh6+ Kg8 58. Rg6 Bc4 59. Rag1 Bd5 60. Qe5 Qe8 61. h6 Rxg6 62. Rxg6+ Kh7 63. Rg7+ Kxh6 64. Qg5# 1-0


[Site "https://www.chess.com"]

[Event "Titled Tuesday Blitz August 1 Late 2023"]
[White "Fishbein, Alexander"]
[Black "He, Anthony"]
[WhiteFideId "2000377"]
[BlackFideId "2088215"]
[WhiteElo "2647"]
[BlackElo "2945"]
[Result "0-1"]
[Round "3"]
[TimeControl "180+1"]
[Date "2023.08.01"]
[WhiteClock "0:00:26"]
[BlackClock "0:01:43"]
[Board "13"]

1. e4 c5 2. Nf3 Nc6 3. d4 cxd4 4. Nxd4 Nf6 5. Nc3 d6 6. Be2 e5 7. Nf3 h6 8. O-O Be7 9. h3 O-O 10. Re1 Be6 11. Bf1 a5 12. Bb5 Rc8 13. a3 Na7 14. a4 Nc6 15. Nd5 Bxd5 16. exd5 Nb4 17. c4 Nd7 18. Bxd7 Qxd7 19. b3 b6 20. Be3 Qc7 21. Nd2 f5 22. Nb1 Bf6 23. Nc3 Qd8 24. Nb5 e4 25. Nd4 Qd7 26. Ne6 Bxa1 27. Bxb6 Be5 28. Bxa5 Nd3 29. Nxf8 Rxf8 30. Re3 Bd4 31. Rxd3 exd3 32. Qxd3 Bxf2+ 33. Kf1 Qa7 34. Bc3 Bh4 35. Qd4 Qxd4 36. Bxd4 Rb8 37. a5 Rxb3 38. a6 Ra3 39. a7 Bf6 40. Bb6 Kf7 41. c5 Bd4 0-1


[Site "https://www.chess.com"]

[Event "Titled Tuesday Blitz August 1 Late 2023"]
[White "Demidov, Mikhail"]
[Black "Adewumi, Tanitoluwa"]
[WhiteFideId "4197143"]
[BlackFideId "30966396"]
[WhiteElo "2940"]
[BlackElo "2639"]
[Result "1-0"]
[Round "3"]
[TimeControl "180+1"]
[Date "2023.08.01"]
[WhiteClock "0:00:05"]
[BlackClock "0:00:14"]
[Board "14"]

1. Nf3 Nf6 2. g3 e6 3. Bg2 b5 4. O-O Bb7 5. d3 c5 6. c4 bxc4 7. dxc4 d5 8. cxd5 exd5 9. Nc3 Be7 10. Bg5 O-O 11. Ne5 h6 12. Bxf6 Bxf6 13. Nd3 Na6 14. Rc1 Rc8 15. Qa4 Re8 16. e3 c4 17. Nf4 Nc5 18. Qb4 g5 19. Nfxd5 Bxd5 20. Nxd5 Nd3 21. Nxf6+ Qxf6 22. Qc3 Qxc3 23. Rxc3 Nxb2 24. Rb1 Na4 25. Rc2 c3 26. Rb4 Nb6 27. Rb3 Red8 28. Rbxc3 Rd1+ 29. Bf1 Rxc3 30. Rxc3 Rd2 31. Ra3 Nc8 32. Rd3 Rc2 33. a4 Kg7 34. a5 Ra2 35. Rd8 Ne7 36. Rd7 Nc6 37. Rxf7+ Kxf7 38. Bc4+ Kf6 39. Bxa2 Nxa5 40. Bd5 Ke5 41. e4 g4 42. f4+ gxf3 43. Kf2 Kd4 44. Kxf3 Nc4 45. h4 a5 46. g4 a4 47. g5 h5 48. Bxc4 Kxc4 49. g6 a3 50. g7 a2 51. g8=Q+ Kc5 52. Qg7 a1=Q 53. Qxa1 1-0


[Site "https://www.chess.com"]

[Event "Titled Tuesday Blitz August 1 Late 2023"]
[White "Araujo Sanchez, Josue"]
[Black "Hakobyan, Aram"]
[WhiteFideId "6416896"]
[BlackFideId "13306677"]
[WhiteElo "2633"]
[BlackElo "2935"]
[Result "0-1"]
[Round "3"]
[TimeControl "180+1"]
[Date "2023.08.01"]
[WhiteClock "0:00:00"]
[BlackClock "0:00:04"]
[Board "15"]

1. b3 e5 2. Bb2 Nc6 3. e3 d5 4. Bb5 Ne7 5. Bxe5 a6 6. Bxc6+ Nxc6 7. Bb2 Qg5 8. Kf1 Bg4 9. Ne2 Bd6 10. h3 Qh5 11. Nbc3 d4 12. exd4 Nxd4 13. Rg1 Bf3 14. gxf3 Qxh3+ 15. Rg2 Nxf3 16. Ng3 Nh4 17. Qe1+ Kf8 18. Qe4 Re8 19. Qxb7 Bxg3 20. fxg3 Qf5+ 21. Rf2 Qh3+ 22. Rg2 Nxg2 23. Qxg2 Qd7 24. Re1 h5 25. Rxe8+ Qxe8 26. Nd5 Rh6 27. Ne3 Re6 28. Qf3 f6 29. Ba3+ Kg8 30. Qd5 Kh8 31. Kf2 Re5 32. Qf3 Qg6 33. Bb4 h4 34. gxh4 Re4 35. Bc3 Rxh4 36. Qa8+ Kh7 37. Qg2 Qh5 38. Nf1 Rf4+ 39. Ke1 Rg4 40. Qf2 Rh4 41. Ng3 Qg6 42. Qf5 Rh1+ 43. Kf2 Qxf5+ 44. Nxf5 g5 45. Ng3 Rh4 46. Ke3 Kg6 47. Ne4 f5 48. Nc5 f4+ 49. Ke2 Rh3 50. Ne6 Kf5 51. Nxc7 g4 52. Nd5 Rh2+ 53. Ke1 g3 54. Bb4 Ke4 55. c4 Rh1+ 0-1


[Site "https://www.chess.com"]

[Event "Titled Tuesday Blitz August 1 Late 2023"]
[White "Piesik, Piotr"]
[Black "Zakhartsov, Vladimir"]
[WhiteFideId "1136194"]
[BlackFideId "4145097"]
[WhiteElo "2617"]
[BlackElo "2924"]
[Result "0-1"]
[Round "3"]
[TimeControl "180+1"]
[Date "2023.08.01"]
[WhiteClock "0:00:05"]
[BlackClock "0:00:06"]
[Board "16"]

1. Nf3 c5 2. g3 Nc6 3. Bg2 g6 4. c3 e5 5. e4 Bg7 6. O-O Nge7 7. Na3 O-O 8. d4 cxd4 9. cxd4 Nxd4 10. Nxd4 exd4 11. f4 Nc6 12. Bd2 d6 13. Rc1 Be6 14. b3 Qd7 15. Nc4 d5 16. Nb2 dxe4 17. Bxe4 Bd5 18. Bxd5 Qxd5 19. Nd3 Rfe8 20. Rc5 Qd6 21. Qf3 Rad8 22. Rfc1 Qe6 23. Re1 Qd6 24. f5 Re3 25. Bxe3 dxe3 26. fxg6 hxg6 27. Rxc6 Qxc6 28. Qxc6 bxc6 29. Nf4 g5 30. Ng2 Bc3 31. Rc1 Bb4 32. Kf1 Ba3 33. Rc2 Rd1+ 34. Ke2 Rh1 35. Nxe3 Rxh2+ 36. Kf3 Rxc2 37. Nxc2 Bc5 38. Kg4 f6 39. Kf5 Kf7 40. g4 Ke7 41. Ne1 Bd4 42. Nd3 Kd6 43. Nb4 Kc5 44. Nc2 Bc3 45. Ke4 Be5 46. Kd3 Kd5 47. Ne3+ Kc5 48. Nc2 Bb2 49. Ke4 a5 50. Kd3 Kb5 51. Ke4 Kc5 52. Kd3 Be5 53. Ke4 Kb5 54. Kd3 a4 55. Ke4 Bb2 56. Kd3 a3 57. Ne3 Kc5 58. Nc4 Kb4 59. Kc2 Bd4 60. Kd3 Bc5 61. Ke4 Kc3 62. Kf5 Kc2 63. Kxf6 Kb1 64. Kxg5 Kxa2 65. Nxa3 Kxa3 66. Kf5 Kxb3 67. g5 Bd4 68. Ke4 c5 69. Kd5 Kb4 70. g6 Ba1 71. Ke4 c4 72. Ke3 Kb3 73. Kd2 Bg7 74. Kc1 c3 75. Kd1 c2+ 0-1


[Site "https://www.chess.com"]

[Event "Titled Tuesday Blitz August 1 Late 2023"]
[White "Karaoglan, Doruk"]
[Black "Grigorjev, Iljya"]
[WhiteFideId "6390927"]
[BlackFideId "24159565"]
[WhiteElo "2613"]
[BlackElo "2903"]
[Result "1-0"]
[Round "3"]
[TimeControl "180+1"]
[Date "2023.08.01"]
[WhiteClock "0:00:07"]
[BlackClock "0:00:00"]
[Board "17"]

1. e4 e5 2. Nf3 Nc6 3. Bc4 Bc5 4. c3 Nf6 5. d3 O-O 6. Bb3 d6 7. h3 a5 8. a4 Be6 9. Bc2 Re8 10. Qe2 d5 11. Nbd2 h6 12. Nf1 Nd7 13. Ng3 Nb6 14. Nh2 dxe4 15. dxe4 Bc4 16. Qf3 Re6 17. Ng4 Qd7 18. Nf5 Nb4 19. Bb1 Nd3+ 20. Bxd3 Bxd3 21. Bxh6 gxh6 22. O-O-O Bf8 23. Qg3 Kh7 24. Rxd3 Qxa4 25. Qh4 Qa1+ 26. Kc2 Qxh1 27. Nf6+ Rxf6 28. Qxf6 Qxg2 29. Rg3 Qxe4+ 30. Kc1 Qe1+ 31. Kc2 Qxf2+ 32. Kc1 Qf1+ 33. Kc2 Qf2+ 34. Kb1 Qxg3 35. Nxg3 Kg8 36. Qxe5 Bd6 37. Qe3 Bf8 38. Nf5 Rd8 39. Qg3+ Kh7 40. Qxc7 Rd1+ 41. Kc2 Rf1 42. Qxf7+ Kh8 43. Qxf8+ 1-0


[Site "https://www.chess.com"]

[Event "Titled Tuesday Blitz August 1 Late 2023"]
[White "Zhigalko, Sergei"]
[Black "Sivakumar, Shaashwath"]
[WhiteFideId "13502956"]
[BlackFideId "30912156"]
[WhiteElo "2899"]
[BlackElo "2606"]
[Result "1-0"]
[Round "3"]
[TimeControl "180+1"]
[Date "2023.08.01"]
[WhiteClock "0:03:03"]
[BlackClock "0:02:33"]
[Board "18"]

1. e4 c5 2. Nf3 d6 3. d4 cxd4 4. Qxd4 Nc6 5. Bb5 Bd7 6. Bxc6 Bxc6 7. Nc3 Nf6 8. Bg5 e6 9. O-O-O Be7 10. Rhe1 O-O 11. Kb1 Qc7 12. Qd2 Rfd8 13. Nd4 Rab8 14. f3 b5 15. g4 b4 16. Nce2 a5 17. Ng3 a4 18. Nh5 Ne8 19. Bxe7 Qxe7 20. Nxc6 1-0


[Site "https://www.chess.com"]

[Event "Titled Tuesday Blitz August 1 Late 2023"]
[White "Jimenez Almeida, Luis David"]
[Black "Kazakouski, Valery"]
[WhiteFideId "22242244"]
[BlackFideId "13507443"]
[WhiteElo "2606"]
[BlackElo "2892"]
[Result "0-1"]
[Round "3"]
[TimeControl "180+1"]
[Date "2023.08.01"]
[WhiteClock "0:00:00"]
[BlackClock "0:00:13"]
[Board "19"]

1. e4 c5 2. Nc3 Nc6 3. Nge2 Nf6 4. g3 h5 5. h3 d5 6. Bg2 d4 7. Nd5 Nd7 8. b3 g5 9. d3 e6 10. Bxg5 Qxg5 11. Nc7+ Kd8 12. Nxa8 b6 13. f4 Qg7 14. e5 Bb7 15. Nxb6 axb6 16. Qd2 Kc7 17. O-O-O b5 18. c3 dxc3 19. Nxc3 Nd4 20. Bxb7 Kxb7 21. Rhg1 Be7 22. Rdf1 Ra8 23. Ne4 Qh8 24. Kb1 Qb8 25. g4 hxg4 26. Rxg4 Nb6 27. Rg7 Qf8 28. Rg4 Nd5 29. Nc3 Nxc3+ 30. Qxc3 Qh8 31. h4 Qh5 32. Rg2 Qxh4 33. Qd2 Qh3 34. Rgf2 Rd8 35. Rg1 Nc6 36. Rd1 Nb4 37. Rh2 Qf3 38. Rf2 Qd5 39. f5 Nxd3 40. fxe6 Qxe6 41. Rf3 Nxe5 42. Qe2 Rxd1+ 43. Qxd1 Nxf3 44. Qxf3+ Kc7 45. Qa8 b4 46. Qa7+ Kd6 47. Kc2 f5 48. Qb6+ Ke5 49. Qc7+ Kf6 50. Qh2 Qe4+ 51. Kc1 Qe1+ 52. Kc2 Qc3+ 53. Kb1 Ke6 54. Qe2+ Kd6 55. Qa6+ Ke5 56. Qe2+ Kf6 57. Qh5 Qe1+ 58. Kc2 Qe4+ 59. Kc1 Qf4+ 60. Kc2 Qf2+ 61. Kd3 Qf1+ 62. Kc2 Qg2+ 63. Kd3 Qe4+ 64. Kd2 Ke6 65. Qe8 Qg2+ 66. Kd3 Qd5+ 67. Kc2 Qd7 68. Qg8+ Kd6 69. Qg6+ Qe6 70. Qe8 f4 71. Qb8+ Kd5 72. Qb7+ Kd4 73. Qc7 Qe4+ 74. Kc1 Ke3 75. a4 bxa3 76. Qa7 f3 77. Qxa3 f2 78. Kb2 Qd4+ 79. Ka2 Qd2+ 80. Qb2 Qxb2+ 0-1


[Site "https://www.chess.com"]

[Event "Titled Tuesday Blitz August 1 Late 2023"]
[White "Aravindh, Chithambaram VR."]
[Black "Pinheiro, Iung Alicio de O."]
[WhiteFideId "5072786"]
[BlackFideId "2104350"]
[WhiteElo "2890"]
[BlackElo "2605"]
[Result "1-0"]
[Round "3"]
[TimeControl "180+1"]
[Date "2023.08.01"]
[WhiteClock "0:00:32"]
[BlackClock "0:00:11"]
[Board "20"]

1. e3 d5 2. Nf3 c6 3. c4 Nf6 4. b3 Bf5 5. Bb2 e6 6. d4 Bb4+ 7. Nbd2 Ne4 8. a3 Ba5 9. b4 Bc7 10. Be2 Nd7 11. O-O Qf6 12. Rc1 g5 13. cxd5 exd5 14. b5 g4 15. bxc6 bxc6 16. Ne5 Nxe5 17. dxe5 Bxe5 18. Nxe4 Bxe4 19. Bxe5 Qxe5 20. Rxc6 h5 21. f3 gxf3 22. Bxf3 Rg8 23. Qa4 Kf8 24. Qb4+ Kg7 25. Bxe4 Qxe4 26. Qc3+ Kf8 27. Rxf7+ Kxf7 28. Qf6+ Ke8 29. Re6+ Qxe6 30. Qxe6+ Kf8 31. Qxd5 Re8 32. Qxh5 Rxe3 33. Qh6+ 1-0


[Site "https://www.chess.com"]

[Event "Titled Tuesday Blitz August 1 Late 2023"]
[White "Wu, Rochelle"]
[Black "Perez Ponsa, Federico"]
[WhiteFideId "30908132"]
[BlackFideId "117927"]
[WhiteElo "2605"]
[BlackElo "2885"]
[Result "1-0"]
[Round "3"]
[TimeControl "180+1"]
[Date "2023.08.01"]
[WhiteClock "0:00:15"]
[BlackClock "0:00:03"]
[Board "21"]

1. d4 Nf6 2. c4 g6 3. Nc3 Bg7 4. e4 d6 5. h3 O-O 6. Be3 e5 7. d5 Na6 8. g4 Nc5 9. f3 a5 10. Nge2 c6 11. Ng3 h5 12. gxh5 Nxh5 13. Nxh5 Qh4+ 14. Bf2 Qxh5 15. Be2 Qh6 16. Qd2 Qxd2+ 17. Kxd2 Bh6+ 18. Kc2 Na6 19. Na4 c5 20. Nb6 Rb8 21. Nxc8 Rbxc8 22. a3 Kg7 23. Rag1 Rh8 24. h4 Bf4 25. h5 Nc7 26. Bf1 Kf6 27. Bh4+ g5 28. Be1 a4 29. Ba5 Na8 30. Bh3 Rb8 31. Bd7 b6 32. Bc3 Nc7 33. Bxa4 b5 34. Bxb5 Nxb5 35. cxb5 Rxb5 36. a4 Rbb8 37. a5 Kg7 38. Kd3 Ra8 39. Ra1 Ra6 40. Kc4 Rha8 41. Ra2 Kh6 42. Kb5 f6 43. Kc4 R8a7 44. Kb5 Ra8 45. Kc4 Rb8 46. Ra3 Rba8 47. Rb3 Be3 48. Rb6 Rxb6 49. axb6 Rb8 50. Ba5 f5 51. b3 g4 52. exf5 g3 53. Kb5 g2 54. Ra1 Bd4 55. Rb1 Kxh5 56. Kc6 Kg5 57. b7 Kxf5 58. Bc7 Rxb7 59. Kxb7 g1=Q 60. Rxg1 Bxg1 61. Bxd6 e4 62. fxe4+ Kxe4 63. Kc6 Bf2 64. Bxc5 Bg3 65. d6 Kf5 66. d7 Bh4 67. b4 Ke6 68. b5 Bd8 69. b6 1-0


[Site "https://www.chess.com"]

[Event "Titled Tuesday Blitz August 1 Late 2023"]
[White "Gireman, Ja"]
[Black "Shtembuliak, Evgeny"]
[WhiteFideId "5043794"]
[BlackFideId "14113325"]
[WhiteElo "2594"]
[BlackElo "2872"]
[Result "0-1"]
[Round "3"]
[TimeControl "180+1"]
[Date "2023.08.01"]
[WhiteClock "0:00:01"]
[BlackClock "0:00:03"]
[Board "22"]

1. e4 e6 2. d4 d5 3. Nc3 Nc6 4. Nf3 Nf6 5. e5 Ne4 6. Bd3 Bb4 7. Bd2 Nxd2 8. Qxd2 Bd7 9. O-O Be7 10. Ne2 Nb4 11. c3 Nxd3 12. Qxd3 a6 13. a4 O-O 14. Nd2 Qe8 15. b3 b5 16. axb5 Bxb5 17. c4 dxc4 18. bxc4 Bc6 19. f4 f6 20. Nf3 Qd7 21. f5 Bxf3 22. Rxf3 fxe5 23. fxe6 Qxe6 24. Re3 Qh6 25. Rh3 Qg6 26. Qxg6 hxg6 27. Re3 Bf6 28. dxe5 Rfe8 29. Ra5 Rab8 30. g3 Rb2 31. Kg2 Re6 32. Kh3 Bg5 33. Re4 Rc6 34. e6 Be7 35. Rd5 Rb4 36. Rd7 Kf8 37. Rf4+ Ke8 38. Nd4 Rcxc4 39. Rf7 Bf6 40. Ne2 Re4 41. Nf4 Rbd4 42. Rxc7 g5 43. Ng6 g4+ 44. Kg2 Rd2+ 45. Kf1 Rd1+ 46. Kf2 Bd4+ 47. Kg2 Re2+ 48. Rf2 Rxf2# 0-1


[Site "https://www.chess.com"]

[Event "Titled Tuesday Blitz August 1 Late 2023"]
[White "Moroni, Luca Jr"]
[Black "Tologon tegin, Semetei"]
[WhiteFideId "865834"]
[BlackFideId "13800574"]
[WhiteElo "2871"]
[BlackElo "2590"]
[Result "0-1"]
[Round "3"]
[TimeControl "180+1"]
[Date "2023.08.01"]
[WhiteClock "0:01:13"]
[BlackClock "0:00:54"]
[Board "23"]

1. Nf3 d5 2. c4 e6 3. g3 Nf6 4. Bg2 Be7 5. O-O O-O 6. b3 Nbd7 7. Bb2 b6 8. e3 Bb7 9. Qe2 c5 10. Ne1 Qc7 11. Nc3 Rad8 12. Rc1 Rfe8 13. f4 a6 14. g4 d4 15. exd4 cxd4 16. Ne4 Nxe4 17. Bxe4 Bxe4 18. Qxe4 Nc5 19. Qf3 f5 20. gxf5 exf5 21. d3 Bf6 22. Ng2 Re6 23. Rce1 Rde8 24. Rxe6 Rxe6 25. Ba3 g6 26. Qd5 Qd6 27. Bxc5 bxc5 28. Qxd6 Rxd6 29. Re1 Kf7 30. Kf2 a5 31. Kf3 a4 32. Rb1 Rb6 33. Ne1 g5 34. fxg5 Bxg5 35. Nc2 Bd2 36. Na3 axb3 37. Rxb3 Ra6 38. Rb7+ Kg6 39. Nb5 Rxa2 40. Rb6+ Kg5 41. Nc7 Be3 42. Kg3 Bf4+ 43. Kf3 Bxc7 44. Rc6 Bxh2 45. Rxc5 h5 46. Rd5 Bg1 47. c5 h4 48. Rd8 Rf2# 0-1


[Site "https://www.chess.com"]

[Event "Titled Tuesday Blitz August 1 Late 2023"]
[White "Suder, Jakub"]
[Black "Kowalski, Igor"]
[WhiteFideId "1195310"]
[BlackFideId "1172468"]
[WhiteElo "2587"]
[BlackElo "2860"]
[Result "0-1"]
[Round "3"]
[TimeControl "180+1"]
[Date "2023.08.01"]
[WhiteClock "0:00:29"]
[BlackClock "0:01:26"]
[Board "24"]

1. d4 Nf6 2. c4 c5 3. d5 b5 4. Nf3 g6 5. Qc2 Bg7 6. e4 d6 7. cxb5 O-O 8. a4 a6 9. Nc3 Nbd7 10. h3 axb5 11. Bxb5 Ba6 12. Bd2 Nb6 13. O-O Nfd7 14. Bxa6 Rxa6 15. b3 Ne5 16. Nxe5 Bxe5 17. Rac1 Qa8 18. Nb5 Rc8 19. Bc3 Bxc3 20. Qxc3 c4 21. Qb4 Rc5 22. Nd4 cxb3 23. Nxb3 Rxc1 24. Rxc1 Nxa4 25. Nd4 Nc5 26. Nc6 Nd3 27. Qb8+ Qxb8 28. Nxb8 Rb6 29. Rc8+ Kg7 30. Nc6 Rb1+ 31. Kh2 Nxf2 32. Nxe7 Nxe4 33. Rd8 h5 34. Nc8 h4 0-1


[Site "https://www.chess.com"]

[Event "Titled Tuesday Blitz August 1 Late 2023"]
[White "Maksimovic, Bojan"]
[Black "Karamsetty, Jeevan"]
[WhiteFideId "14408120"]
[BlackFideId "2025337"]
[WhiteElo "2856"]
[BlackElo "2576"]
[Result "1-0"]
[Round "3"]
[TimeControl "180+1"]
[Date "2023.08.01"]
[WhiteClock "0:00:12"]
[BlackClock "0:00:02"]
[Board "25"]

1. Nf3 g6 2. g3 Bg7 3. Bg2 d6 4. O-O Nf6 5. c3 O-O 6. Qc2 Bf5 7. d3 c6 8. e4 Bg4 9. h3 Bxf3 10. Bxf3 Qc8 11. Bg2 e5 12. a4 a5 13. Na3 Na6 14. Nc4 Qc7 15. f4 Rfe8 16. fxe5 dxe5 17. Be3 b5 18. Nd2 Red8 19. Nb3 b4 20. d4 exd4 21. cxd4 Qxg3 22. Bf4 Qh4 23. Qf2 Qxf2+ 24. Rxf2 Nh5 25. Be3 Nc7 26. Rc1 Ne6 27. e5 Ng3 28. Bxc6 Rac8 29. d5 Nf8 30. Bb6 Bxe5 31. Bxd8 Rxd8 32. Kg2 Nf5 33. Rxf5 gxf5 34. Nxa5 Bxb2 35. Rc2 Be5 36. Nc4 b3 37. Rc1 Ng6 38. Rb1 Bc7 39. Rxb3 Nf4+ 40. Kf3 Nxd5 41. Rd3 Nb4 42. Rxd8+ Bxd8 43. Bb7 Nd3 44. a5 Nc5 45. a6 Nxa6 46. Bxa6 Kg7 47. Bc8 Kg6 48. Nd2 Kg5 49. Nf1 Bc7 50. Ne3 f4 51. Nf1 f6 52. Nd2 Bd8 53. Kg2 f5 54. Nf3+ Kf6 55. Kf2 Bb6+ 56. Ke2 h6 57. Kd3 Bc7 58. Kc4 Bd8 59. Kd5 Be7 60. Kc6 Bb4 61. Kd7 Ba3 62. Kc6 Bc1 63. Kc5 Be3+ 64. Kd5 Kg6 65. Ke6 Bf2 66. Bd7 Bg3 67. Be8+ Kg7 68. Kxf5 h5 69. Bxh5 Kh6 70. Bg4 Kg7 71. h4 Kh6 72. h5 Kg7 73. Kg5 Kh7 74. h6 Kg8 75. Be6+ Kh8 76. Kg6 Bf2 77. Ng5 Bd4 78. h7 1-0


[Site "https://www.chess.com"]